 Dungeon Crawl Stone Soup version 0.31.0-11-ge490571c62 (webtiles) character file.

Game seed: 1629737821503649647

60452 qw the Marksspriggan (level 14, -10/72 HPs)
             Began as a Spriggan Hunter on Feb 4, 2024.
             Was the Champion of Okawaru.
             Incinerated by a deep elf pyromancer (18 damage)
             ... with a pyre arrow
             ... on level 13 of the Dungeon.
             The game lasted 00:02:50 (18871 turns).

qw the Marksspriggan (Spriggan Hunter)             Turns: 18871, Time: 00:02:51

Health: -10/72     AC: 15    Str:  7    XL:     14   Next: 57%
Magic:  22/22      EV: 37    Int: 14    God:    Okawaru [******]
Gold:   1106       SH:  0    Dex: 25    Spells: 13/13 levels left

rFire   . . .        r - +2 arbalest (drain)
rCold   . . .        (shield currently unavailable)
rNeg    . . .        d - +6 acid dragon scales of the Desert {Rampage rCorr Int+3}
rPois   .            (helmet restricted)
rElec   +            o - +0 cloak "Haahegir" {Will+ Dex+2}
rCorr   +            (gloves unavailable)
SInv    +            (boots unavailable)
Will    +++..        (no amulet)
Stlth   +            h - +5 ring of evasion
HPRegen 0.32/turn    (no ring)
MPRegen 0.18/turn

%: rampage
@: on fire, glowing, very quick
A: very small, no large weapons, unfitting armour, see invisible, speed 3,
iridescent scales 1, electricity resistance
a: Renounce Religion, Heroism, Finesse, Duel


You were on level 13 of the Dungeon.
You worshipped Okawaru.
Okawaru was exalted by your worship.
You visited 3 branches of the dungeon, and saw 19 of its levels.

You collected 1340 gold pieces.
You spent 234 gold pieces at shops.


Innate Abilities, Weirdness & Mutations

You are very small and have problems with some larger weapons.
You are too small for most types of armour.
You have supernaturally acute eyesight. (SInv)
You cover ground extremely quickly. (Speed+++)
You are partially covered in iridescent scales. (AC +2)
You are resistant to electric shocks. (rElec)


   Skills:
 + Level 7.7 Fighting
 - Level 18.0 Ranged Weapons
 - Level 3.1 Armour
 - Level 17.0 Dodging
 - Level 1.5 Stealth
 - Level 10.0 Invocations


You had 13 spell levels left.
You didn't know any spells.
Your spell library was empty.

Inventory:

Hand Weapons
 r - a +2 arbalest of draining (weapon)
Armour
 d - the +6 acid dragon scales of the Desert (worn) {Rampage rCorr Int+3}
   (You acquired it on level 7 of the Dungeon)

   Int+3:     It affects your intelligence (+3).
   rCorr:     It protects you from acid and corrosion.
   Rampage:   It bestows one free step when moving towards enemies.
 o - the +0 cloak "Haahegir" (worn) {Will+ Dex+2}
   (Okawaru gifted it to you on level 5 of the Lair of Beasts)

   Dex+2:     It affects your dexterity (+2).
   Will+:     It increases your willpower.
Jewellery
 a - a ring of resist corrosion
 h - a +5 ring of evasion (left hand)
 m - a ring of fire
 n - a ring of ice
Wands
 i - a wand of polymorph (5)
 p - a wand of acid (16)
 q - a wand of paralysis (26)
Scrolls
 e - 4 scrolls of enchant armour
 g - 4 scrolls of identify
Potions
 b - 2 potions of haste
 c - a potion of enlightenment
 f - 2 potions of mutation
 k - 6 potions of curing
 l - 2 potions of might

Dungeon Overview and Level Annotations

Branches:
Dungeon (13/15)            Temple (1/1) D:6            Lair (5/5) D:8
  Swamp (0/4) Lair:2       Spider (0/4) Lair:3        Slime (0/5) Lair:4
    Orc (0/2) D:11
 Vaults: D:13-14

Altars:
Ashenzari
Cheibriados
Dithmenos
Elyvilon
Fedhas
Gozag
Hepliaklqana
Kikubaaqudgha
Makhleb
Nemelex Xobeh
Okawaru
Qazlal
Ru
Sif Muna
Trog
Uskayaw
Vehumet
Wu Jian
Xom
Yredelemnul
Zin
The Shining One
Lugonu

Shops:
D:5 :[[:*   D:6 **   D:8 [   D:12 (

Portals:
Abyss: Lair:5

Annotations:
D:4 2 transporters
D:8 exclusion: 2 centaurs
Lair:4 Kirke


Message History

There is an open door here.
You open the door.
There is an open door here.
You open the door.
There is an open door here.
p - a wand of acid (16) (gained 5 charges)
A deep elf pyromancer opens the door.
It is wielding a +0 short sword.
Enter note:
Enter note: You shoot a bolt.
The bolt barely misses the deep elf pyromancer.
The deep elf pyromancer shouts!
The deep elf pyromancer casts a spell at you.
The pyre arrow hits you.
You are covered in intense liquid fire!
You shoot a bolt. The bolt hits the deep elf pyromancer!!
You drain the deep elf pyromancer!
The deep elf pyromancer is almost dead.
The liquid fire burns you!
The deep elf pyromancer gestures at you while chanting.
The pyre arrow misses you.
You shoot a bolt. The bolt hits the deep elf pyromancer!!
You kill the deep elf pyromancer!
Okawaru accepts your kill. The liquid fire burns you!
You are on fire!
The liquid fire burns you!
You are on fire!
The liquid fire burns you!
You are on fire!
The liquid fire burns you!
You are on fire!
The liquid fire burns you!
You are on fire!
The liquid fire burns you!
You are on fire!
The liquid fire burns you!
You are on fire!
The liquid fire burns you!
You die...

......# ......# ......#
......##### #
......#...+ .#
......#...# ########).#
......#...####..#...'..#
......#...#.....#...#
....:.#...#.....@...#
......#...####......#
......#......#..#...#
..)...##'##..'..#...#
......#...#..#..#...+
......#...####..#####
......'...#..####
......#...#..#
......#...#..#


There were no monsters in sight!

Vanquished Creatures
  An ogre mage (D:11)
  Erolcha (D:12)
  Fannar (D:10)
  A hydra (Lair:2)
  2 boulder beetles
  Erica (D:11)
  2 two-headed ogres (D:10)
  2 centaur warriors (D:11)
  2 thrashing horrors (Lair:5)
  Sonja (Lair:5)
  Urug (D:9)
  Amaemon (Lair:2)
  A skyshark (Lair:3)
  Pikel (D:4)
  4 large abominations (Lair:5)
  3 deep elf pyromancers
  A necromancer (Lair:3)
  An ugly thing (Lair:5)
  2 manticores (D:12)
  3 oklob plants
  2 cyclopes (D:12)
  Joseph (D:7)
  8 elephants
  4 black mambas
  A gargoyle (D:10)
  An orange demon (Lair:2)
  13 cane toads
  A black mamba (shapeshifter) (Lair:5)
  Jeremiah (D:7)
  8 komodo dragons
  2 kobold demonologists (D:9)
  An unseen horror (D:12)
  2 rime drakes
  Psyche (D:10)
  3 polar bears
  5 trolls
  Grinder (D:3)
  A hornet (D:9)
  A raiju (shapeshifter) (Lair:5)
  A raiju (Lair:5)
  22 blink frogs
  8 slime creatures (D:12)
  A shadow (D:12)
  2 vampires
  3 wraiths
  A yak (shapeshifter) (D:13)
  46 yaks
  2 wyverns
  6 basilisks
  A ynoxinul (Lair:5)
  5 hogs (Lair:4)
  2 redbacks (Lair:3)
  3 chaos spawn (Lair:5)
  5 steam dragons
  3 vampire mosquitoes (D:9)
  2 acid dragons
  13 water moccasins
  A swamp drake (D:11)
  3 black bears
  8 orc warriors
  An ice beast (D:7)
  3 ogres
  2 elephant zombies (Lair:3)
  17 wolves
  8 small abominations (Lair:5)
  A lemure (D:4)
  9 centaurs
  9 phantoms
  5 kobold brigands
  2 komodo dragon zombies (Lair:3)
  8 scorpions
  4 bullfrogs
  2 gnoll sergeants
  11 wights
  7 killer bees
  2 electric eels (Lair:3)
  11 howler monkeys
  3 centaur zombies (D:7)
  7 hounds
  2 bombardier beetles
  5 orc priests
  16 jellies
  4 iguanas
  4 scorpion zombies (D:7)
  6 sleepcaps (D:7)
  12 orc wizards
  7 hell rats (Lair:5)
  5 killer bee zombies (D:7)
  11 gnolls
  5 adders
  8 shadow imps
  A white imp (D:6)
  A dart slug (D:1)
  A ribbon worm (D:2)
  51 orcs
  3 bats
  21 endoplasms
  2 giant cockroaches (D:1)
  10 goblins
  4 jackals (D:3)
  5 quokkas
  8 ball pythons
  A frilled lizard (D:1)
  16 kobolds
548 creatures vanquished.

Vanquished Creatures (others)
  A black bear (Lair:1)
1 creature vanquished.

Grand Total: 549 creatures vanquished

Notes
Turn   | Place    | Note
-------+----------+-------------------------------------------
     0 | D:1      | qw the Spriggan Hunter began the quest for the Orb.
     0 | D:1      | Reached XP level 1. HP: 10/10 MP: 2/2
     0 | D:1      | 0 ||| qw: Version: 0.3-a-160-g6735b56
     0 | D:1      | 0 ||| qw: Game counter: 4484
     0 | D:1      | 0 ||| qw: Melee chars always use a shield: true
     0 | D:1      | 0 ||| qw: God list: Okawaru
     0 | D:1      | 0 ||| qw: Allow faded altars: false
     0 | D:1      | 0 ||| qw: Do Orc after clearing Dungeon:15 true
     0 | D:1      | 0 ||| qw: Do second Lair branch before Depths: true
     0 | D:1      | 0 ||| qw: Lair rune preference: random
     0 | D:1      | 0 ||| qw: Goals: Normal
     0 | D:1      | 0 ||| PLANNING D:1-11
    99 | D:1      | Reached skill level 3 in Dodging
   293 | D:1      | Reached XP level 2. HP: 14/14 MP: 3/3
   941 | D:1      | 941 ||| UPGRADING to +5 ring of evasion.
   942 | D:1      | 942 ||| READING 3 scrolls labelled MAPLAI NESS.
   942 | D:1      | 942 ||| ENCHANTING +0 shortbow.
   943 | D:1      | 943 ||| READING scroll labelled BASTRI FUIH.
   944 | D:1      | 944 ||| READING scroll labelled SECLAS US FUTOCWE.
   945 | D:1      | 945 ||| DRINKING 2 bubbling dark potions.
   945 | D:1      | Gained mutation: You occasionally lose the ability to read
                  | scrolls when taking damage. [potion of mutation]
   945 | D:1      | Gained mutation: You sometimes lose the ability to read
                  | scrolls when taking damage. [potion of mutation]
   945 | D:1      | Gained mutation: You have hidden genetic potential. [potion
                  | of mutation]
   946 | D:1      | 946 ||| DRINKING potion of mutation.
   946 | D:1      | Lost mutation: You sometimes lose the ability to read
                  | scrolls when taking damage. [potion of mutation]
   946 | D:1      | Lost mutation: You occasionally lose the ability to read
                  | scrolls when taking damage. [potion of mutation]
   946 | D:1      | Lost mutation: You have hidden genetic potential. [potion
                  | of mutation]
   946 | D:1      | Gained mutation: You are resistant to electric shocks.
                  | (rElec) [potion of mutation]
   946 | D:1      | Gained mutation: You are partially covered in iridescent
                  | scales. (AC +2) [potion of mutation]
   947 | D:1      | 947 ||| DROPPING scroll of butterflies.
  1117 | D:2      | Found a radiant altar of Vehumet.
  1144 | D:2      | Reached XP level 3. HP: 18/18 MP: 4/4
  1893 | D:2      | 1893 ||| READING scroll labelled HAYSOXZ DUTYI.
  1927 | D:2      | 1927 ||| DRINKING 2 dark potions.
  1928 | D:2      | 1928 ||| DROPPING potion of degeneration.
  2212 | D:3      | Found a faded altar of an unknown god.
  2304 | D:3      | Reached skill level 5 in Ranged Weapons
  2363 | D:3      | Reached XP level 4. HP: 19/22 MP: 5/5
  2399 | D:3      | Found a hazy altar of Hepliaklqana.
  2399 | D:3      | Found a burning altar of Makhleb.
  2399 | D:3      | Found a shimmering altar of Xom.
  2399 | D:3      | Found a hazy altar of Hepliaklqana.
  2399 | D:3      | Found a broken altar of Ashenzari.
  2399 | D:3      | Found a shimmering altar of Xom.
  2411 | D:3      | 2411 ||| FLEEEEING.
  2511 | D:3      | Identified the +6 long sword of Ate Faob {heavy, Stlth+}
  2566 | D:3      | Noticed Grinder
  2573 | D:3      | HP: 5/23 [Grinder (5)]
  2580 | D:3      | Killed Grinder
  2581 | D:3      | Reached XP level 5. HP: 9/29 MP: 6/6
  2581 | D:3      | Reached XP level 6. HP: 10/33 MP: 7/7
  2761 | D:3      | 2761 ||| READING 2 scrolls labelled LAELITIJUN.
  2766 | D:3      | 2766 ||| READING scroll labelled BISHEFOREB.
  2767 | D:3      | 2767 ||| READING scroll labelled DOATINNITI.
  2767 | D:3      | 2767 ||| BRANDING +0 shortbow.
  2768 | D:3      | 2768 ||| DRINKING 2 grey potions.
  2769 | D:3      | 2769 ||| DRINKING 2 smoky cyan potions.
  2770 | D:3      | 2770 ||| DROPPING potion of brilliance.
  2896 | D:4      | Found a transporter.
  3071 | D:4      | Found a transporter.
  3108 | D:4      | Noticed an ice beast
  3108 | D:4      | Noticed an ice beast
  3109 | D:4      | Noticed an ice beast
  3132 | D:4      | Noticed Pikel
  3133 | D:4      | 3133 ||| RETREEEEATING.
  3134 | D:4      | 3134 ||| RETREEEEATING.
  3135 | D:4      | 3135 ||| RETREEEEATING.
  3136 | D:4      | 3136 ||| RETREEEEATING.
  3137 | D:4      | 3137 ||| RETREEEEATING.
  3150 | D:4      | Killed Pikel
  3151 | D:4      | Reached skill level 7 in Ranged Weapons
  3151 | D:4      | Reached XP level 7. HP: 19/37 MP: 8/8
  3348 | D:4      | Found a glowing golden altar of the Shining One.
  3557 | D:4      | Found a shimmering blue altar of Sif Muna.
  3630 | D:4      | 3630 ||| UPGRADING to +2 robe of fire resistance.
  3640 | D:4      | 3640 ||| DROPPING +0 robe.
  3641 | D:4      | 3641 ||| UPGRADING to +2 cloak.
  3646 | D:4      | 3646 ||| READING 2 scrolls labelled URHOTH MUARPHYO.
  3647 | D:4      | 3647 ||| DROPPING scroll of amnesia.
  3665 | D:5      | Entered Level 5 of the Dungeon
  3731 | D:5      | Found Asuitoz's Book Shop.
  3810 | D:5      | Found Cuevao's Book Boutique.
  3822 | D:5      | Reached skill level 6 in Dodging
  3824 | D:5      | Reached XP level 8. HP: 32/42 MP: 9/9
  3881 | D:5      | Found Jynleics's Antique Armour Boutique.
  3926 | D:5      | Found Ruidd's Armour Shoppe.
  4084 | D:5      | Reached skill level 8 in Ranged Weapons
  4308 | D:5      | Reached skill level 9 in Ranged Weapons
  4468 | D:5      | Found Jausazxa's Assorted Antiques.
  4472 | D:5      | 4472 ||| BUYING encrusted bronze wand (92 gold).
  4472 | D:5      | Bought an encrusted bronze wand for 92 gold pieces
  4472 | D:5      | 4472 ||| BUYING scroll labelled CAFUEH LOXTORR (23 gold).
  4472 | D:5      | Bought a scroll labelled CAFUEH LOXTORR for 23 gold pieces
  4472 | D:5      | 4472 ||| BUYING scroll labelled OHAATOYMNU (23 gold).
  4472 | D:5      | Bought a scroll labelled OHAATOYMNU for 23 gold pieces
  4522 | D:5      | 4522 ||| READING scroll labelled HUQAOJ OKH.
  4623 | D:5      | 4623 ||| READING scroll labelled XITSENNA GESS.
  4623 | D:5      | 4623 ||| ENCHANTING +0 heavy shortbow.
  4624 | D:5      | 4624 ||| READING scroll labelled CAFUEH LOXTORR.
  4624 | D:5      | 4624 ||| IDENTIFYING ruby potion
  4625 | D:5      | 4625 ||| READING scroll labelled OHAATOYMNU.
  4726 | D:5      | 4726 ||| DRINKING 2 emerald potions.
  4727 | D:5      | 4727 ||| DROPPING potion of attraction.
  4771 | D:6      | Reached skill level 9 in Dodging
  4902 | D:6      | Found a staircase to the Ecumenical Temple.
  4903 | D:6      | 4903 ||| PLANNING TEMPLE
  4910 | Temple   | Found a transporter.
  4910 | Temple   | Found a transporter.
  4910 | Temple   | Found a transporter.
  4910 | Temple   | Found a transporter.
  4910 | Temple   | Entered the Ecumenical Temple
  4911 | Temple   | 4911 ||| PLANNING D:1-11
  4931 | Temple   | 4931 ||| PLANNING OKAWARU WORSHIP
  4933 | Temple   | Became a worshipper of Warmaster Okawaru
  4934 | Temple   | 4934 ||| PLANNING D:1-11
  4999 | D:6      | Reached XP level 9. HP: 45/45 MP: 10/10
  5075 | D:6      | Found Keahea Lijel's Specific Store.
  5079 | D:6      | Found Uneafyot's General Store.
  5089 | D:6      | 5089 ||| BUYING potion of mutation (96 gold).
  5089 | D:6      | Bought a potion of mutation for 96 gold pieces
  5113 | D:6      | 5113 ||| SWAPPING to +0 orcbow.
  5114 | D:6      | 5114 ||| DROPPING +1 heavy shortbow.
  5143 | D:6      | Found a hide-covered altar of Uskayaw.
  5472 | D:6      | 5472 ||| READING scroll of identify.
  5472 | D:6      | 5472 ||| IDENTIFYING puce potion
  5482 | D:7      | Noticed Jeremiah
  5483 | D:7      | 5483 ||| DRINKING potion of haste.
  5490 | D:7      | 5490 ||| STAIRDANCE
  5560 | D:7      | 5560 ||| ZAPPING wand of iceblast (5) at 4,-1 (floor).
  5561 | D:7      | 5561 ||| ZAPPING wand of iceblast (4) at 3,0 (floor).
  5563 | D:7      | 5563 ||| ZAPPING wand of iceblast (3) at 3,-1 (floor).
  5564 | D:7      | 5564 ||| ZAPPING wand of iceblast (2) at 2,0 (floor).
  5565 | D:7      | 5565 ||| ZAPPING wand of iceblast (1) at 5,-2 (Jeremiah;
                  | floor).
  5568 | D:7      | Killed Jeremiah
  5568 | D:7      | Reached * piety under Okawaru
  5569 | D:7      | Reached skill level 10 in Ranged Weapons
  5650 | D:7      | Reached skill level 1 in Invocations
  5862 | D:7      | Reached skill level 3 in Invocations
  6003 | D:7      | 6003 ||| RETREEEEATING.
  6006 | D:7      | 6006 ||| RETREEEEATING.
  6016 | D:7      | Reached ** piety under Okawaru
  6096 | D:7      | 6096 ||| READING scroll of enchant weapon.
  6096 | D:7      | 6096 ||| ENCHANTING +0 orcbow.
  6159 | D:7      | Reached XP level 10. HP: 49/49 MP: 14/14
  6188 | D:7      | Reached skill level 11 in Ranged Weapons
  6350 | D:7      | Reached skill level 12 in Dodging
  6469 | D:7      | 6469 ||| INVOKING Heroism.
  6737 | D:7      | Noticed Joseph
  6738 | D:7      | 6738 ||| INVOKING Heroism.
  6763 | D:7      | Killed Joseph
  6800 | D:7      | Found a snail-covered altar of Cheibriados.
  6805 | D:7      | Reached skill level 12 in Ranged Weapons
  7003 | D:7      | 7003 ||| INVOKING Heroism.
  7223 | D:7      | 7223 ||| READING 2 scrolls of identify.
  7223 | D:7      | 7223 ||| IDENTIFYING 2 metallic brown potions
  7224 | D:7      | 7224 ||| READING scroll of identify.
  7224 | D:7      | 7224 ||| IDENTIFYING scroll labelled VUCUOSK LOHAWO
  7224 | D:7      | Identified a scroll of acquirement
  7225 | D:7      | 7225 ||| READING scroll of acquirement.
  7225 | D:7      | 7225 ||| ACQUIRING +6 acid dragon scales of the Desert
                  | {Rampage rCorr Int+3}
  7225 | D:7      | Acquired the +6 acid dragon scales of the Desert {Rampage
                  | rCorr Int+3}
  7227 | D:7      | 7227 ||| DROPPING +2 robe of willpower.
  7228 | D:7      | 7228 ||| DROPPING +0 steam dragon scales.
  7229 | D:7      | 7229 ||| UPGRADING to +6 acid dragon scales of the Desert
                  | {Rampage rCorr Int+3}.
  7239 | D:7      | 7239 ||| DROPPING +2 robe of fire resistance.
  7240 | D:7      | 7240 ||| DROPPING 2 potions of ambrosia.
  7337 | D:8      | Found a staircase to the Lair.
  7343 | D:8      | Found Duererug's Antique Armour Emporium.
  7489 | D:8      | Reached *** piety under Okawaru
  7490 | D:8      | Reached skill level 1 in Armour
  7782 | D:7      | 7782 ||| PLANNING LAIR
  7799 | Lair:1   | Entered Level 1 of the Lair of Beasts
  7804 | Lair:1   | 7804 ||| STAIRDANCE
  7819 | Lair:1   | 7819 ||| STAIRDANCE
  8011 | Lair:1   | 8011 ||| RETREEEEATING.
  8013 | Lair:1   | 8013 ||| RETREEEEATING.
  8014 | Lair:1   | 8014 ||| RETREEEEATING.
  8015 | Lair:1   | 8015 ||| RETREEEEATING.
  8019 | Lair:1   | 8019 ||| INVOKING Heroism.
  8032 | Lair:1   | Reached XP level 11. HP: 54/55 MP: 13/15
  8038 | Lair:1   | Reached **** piety under Okawaru
  8229 | Lair:1   | 8229 ||| INVOKING Finesse.
  8230 | Lair:1   | 8230 ||| INVOKING Heroism.
  8233 | Lair:1   | Reached skill level 13 in Ranged Weapons
  8477 | Lair:1   | 8477 ||| RETREEEEATING.
  8479 | Lair:1   | 8479 ||| RETREEEEATING.
  8480 | Lair:1   | 8480 ||| RETREEEEATING.
  8583 | Lair:1   | 8583 ||| DROPPING ring of magical power.
  8584 | Lair:1   | 8584 ||| READING scroll labelled ZIXOTINW PUORUZOECK.
  8585 | Lair:1   | 8585 ||| READING scroll labelled SECI FOCAYLO.
  8587 | Lair:1   | 8587 ||| Stepping ~*~*~tactically~*~*~ (cloud).
  8664 | Lair:2   | 8664 ||| RETREEEEATING.
  8674 | Lair:2   | Noticed a five-headed hydra
  8678 | Lair:2   | 8678 ||| ZAPPING wand of acid (7) at -5,-4 (five-headed
                  | hydra; floor).
  8679 | Lair:2   | 8679 ||| ZAPPING wand of acid (6) at -4,-3 (five-headed
                  | hydra; floor).
  8681 | Lair:2   | 8681 ||| INVOKING Finesse.
  8691 | Lair:2   | Killed a five-headed hydra
  8695 | Lair:2   | Reached skill level 6 in Invocations
  8867 | Lair:2   | 8867 ||| INVOKING Finesse.
  8970 | Lair:2   | Noticed Amaemon
  8971 | Lair:2   | 8971 ||| INVOKING Finesse.
  9000 | Lair:2   | Killed Amaemon
  9213 | Lair:2   | Found a staircase to the Swamp.
  9254 | Lair:2   | 9254 ||| RETREEEEATING.
  9256 | Lair:2   | 9256 ||| RETREEEEATING.
  9260 | Lair:2   | 9260 ||| RETREEEEATING.
  9264 | Lair:2   | Reached skill level 14 in Ranged Weapons
  9484 | Lair:2   | Reached ***** piety under Okawaru
  9707 | Lair:2   | 9707 ||| READING 3 scrolls of identify.
  9707 | Lair:2   | 9707 ||| IDENTIFYING smoky ruby potion
  9756 | Lair:3   | 9756 ||| READING scroll of enchant weapon.
  9756 | Lair:3   | 9756 ||| ENCHANTING +1 orcbow.
  9852 | Lair:3   | Noticed a skyshark
  9854 | Lair:3   | 9854 ||| ZAPPING wand of acid (5) at 5,-4 (skyshark;
                  | floor).
  9855 | Lair:3   | 9855 ||| INVOKING Finesse.
  9864 | Lair:3   | Killed a skyshark
  9966 | Lair:3   | Reached XP level 12. HP: 60/60 MP: 17/19
 10013 | Lair:3   | 10013 ||| RETREEEEATING.
 10014 | Lair:3   | 10014 ||| RETREEEEATING.
 10015 | Lair:3   | 10015 ||| RETREEEEATING.
 10017 | Lair:3   | 10017 ||| RETREEEEATING.
 10022 | Lair:3   | 10022 ||| RETREEEEATING.
 10023 | Lair:3   | 10023 ||| RETREEEEATING.
 10025 | Lair:3   | 10025 ||| RETREEEEATING.
 10026 | Lair:3   | 10026 ||| RETREEEEATING.
 10027 | Lair:3   | 10027 ||| RETREEEEATING.
 10028 | Lair:3   | 10028 ||| RETREEEEATING.
 10029 | Lair:3   | 10029 ||| INVOKING Finesse.
 10053 | Lair:3   | 10053 ||| RETREEEEATING.
 10054 | Lair:3   | 10054 ||| RETREEEEATING.
 10055 | Lair:3   | 10055 ||| RETREEEEATING.
 10056 | Lair:3   | 10056 ||| RETREEEEATING.
 10057 | Lair:3   | 10057 ||| RETREEEEATING.
 10058 | Lair:3   | 10058 ||| RETREEEEATING.
 10059 | Lair:3   | 10059 ||| FLEEEEING.
 10060 | Lair:3   | 10060 ||| FLEEEEING.
 10061 | Lair:3   | 10061 ||| FLEEEEING.
 10062 | Lair:3   | 10062 ||| FLEEEEING.
 10063 | Lair:3   | 10063 ||| FLEEEEING.
 10064 | Lair:3   | 10064 ||| FLEEEEING.
 10065 | Lair:3   | 10065 ||| FLEEEEING.
 10066 | Lair:3   | 10066 ||| FLEEEEING.
 10067 | Lair:3   | 10067 ||| FLEEEEING.
 10068 | Lair:3   | 10068 ||| FLEEEEING.
 10069 | Lair:3   | 10069 ||| FLEEEEING.
 10070 | Lair:3   | 10070 ||| FLEEEEING.
 10072 | Lair:3   | 10072 ||| RETREEEEATING.
 10073 | Lair:3   | 10073 ||| RETREEEEATING.
 10074 | Lair:3   | 10074 ||| RETREEEEATING.
 10075 | Lair:3   | 10075 ||| RETREEEEATING.
 10076 | Lair:3   | 10076 ||| RETREEEEATING.
 10078 | Lair:3   | 10078 ||| RETREEEEATING.
 10079 | Lair:3   | 10079 ||| RETREEEEATING.
 10081 | Lair:3   | 10081 ||| RETREEEEATING.
 10084 | Lair:3   | 10084 ||| RETREEEEATING.
 10085 | Lair:3   | 10085 ||| RETREEEEATING.
 10086 | Lair:3   | 10086 ||| RETREEEEATING.
 10087 | Lair:3   | 10087 ||| RETREEEEATING.
 10089 | Lair:3   | 10089 ||| RETREEEEATING.
 10090 | Lair:3   | 10090 ||| RETREEEEATING.
 10091 | Lair:3   | 10091 ||| RETREEEEATING.
 10097 | Lair:3   | 10097 ||| RETREEEEATING.
 10098 | Lair:3   | 10098 ||| RETREEEEATING.
 10099 | Lair:3   | 10099 ||| RETREEEEATING.
 10100 | Lair:3   | 10100 ||| RETREEEEATING.
 10101 | Lair:3   | 10101 ||| RETREEEEATING.
 10102 | Lair:3   | 10102 ||| RETREEEEATING.
 10103 | Lair:3   | 10103 ||| RETREEEEATING.
 10104 | Lair:3   | 10104 ||| RETREEEEATING.
 10105 | Lair:3   | 10105 ||| RETREEEEATING.
 10106 | Lair:3   | 10106 ||| RETREEEEATING.
 10107 | Lair:3   | 10107 ||| RETREEEEATING.
 10108 | Lair:3   | 10108 ||| RETREEEEATING.
 10109 | Lair:3   | 10109 ||| RETREEEEATING.
 10110 | Lair:3   | 10110 ||| RETREEEEATING.
 10111 | Lair:3   | 10111 ||| RETREEEEATING.
 10112 | Lair:3   | 10112 ||| RETREEEEATING.
 10113 | Lair:3   | 10113 ||| RETREEEEATING.
 10115 | Lair:3   | 10115 ||| INVOKING Finesse.
 10120 | Lair:3   | 10120 ||| INVOKING Finesse.
 10127 | Lair:3   | HP: 11/60 [elephant (9)]
 10128 | Lair:3   | 10128 ||| READING 4 scrolls of teleportation.
 10129 | Lair:3   | 10129 ||| DRINKING potion of heal wounds.
 10405 | Lair:3   | Found a hole to the Spider Nest.
 10470 | Lair:3   | Reached skill level 9 in Invocations
 10593 | Lair:3   | Reached skill level 6 in Fighting
 10866 | Lair:3   | Received a gift from Okawaru
 11141 | Lair:3   | 11141 ||| READING 2 scrolls of identify.
 11141 | Lair:3   | 11141 ||| IDENTIFYING scroll labelled NUIWAE HOGETEY
 11142 | Lair:3   | 11142 ||| DROPPING scroll of noise.
 11414 | Lair:4   | 11414 ||| RETREEEEATING.
 11415 | Lair:4   | 11415 ||| INVOKING Finesse.
 11420 | Lair:4   | 11420 ||| RETREEEEATING.
 11451 | Lair:4   | Reached skill level 15 in Ranged Weapons
 11828 | Lair:4   | Received a gift from Okawaru
 11853 | Lair:4   | Found a staircase to the Slime Pits.
 12034 | Lair:4   | 12034 ||| RETREEEEATING.
 12035 | Lair:4   | 12035 ||| RETREEEEATING.
 12075 | Lair:4   | Noticed Kirke
 12076 | Lair:4   | 12076 ||| RETREEEEATING.
 12090 | Lair:4   | Reached XP level 13. HP: 62/65 MP: 21/21
 12122 | Lair:5   | Entered Level 5 of the Lair of Beasts
 12123 | Lair:5   | 12123 ||| RETREEEEATING.
 12124 | Lair:5   | 12124 ||| RETREEEEATING.
 12125 | Lair:5   | 12125 ||| RETREEEEATING.
 12126 | Lair:5   | 12126 ||| RETREEEEATING.
 12127 | Lair:5   | 12127 ||| RETREEEEATING.
 12128 | Lair:5   | 12128 ||| RETREEEEATING.
 12129 | Lair:5   | 12129 ||| RETREEEEATING.
 12130 | Lair:5   | 12130 ||| RETREEEEATING.
 12131 | Lair:5   | 12131 ||| RETREEEEATING.
 12132 | Lair:5   | 12132 ||| INVOKING Finesse.
 12457 | Lair:5   | Noticed Sonja
 12468 | Lair:5   | 12468 ||| INVOKING Finesse.
 12480 | Lair:5   | 12480 ||| RETREEEEATING.
 12481 | Lair:5   | 12481 ||| RETREEEEATING.
 12482 | Lair:5   | 12482 ||| RETREEEEATING.
 12483 | Lair:5   | 12483 ||| RETREEEEATING.
 12528 | Lair:5   | Killed Sonja
 12825 | Lair:5   | 12825 ||| RETREEEEATING.
 12844 | Lair:5   | Reached skill level 16 in Ranged Weapons
 12847 | Lair:5   | HP: 16/65 [poisoned by a cane toad]
 12848 | Lair:5   | 12848 ||| READING 4 scrolls of teleportation.
 12852 | Lair:5   | HP: 13/65 [poisoned by a cane toad]
 12857 | Lair:5   | 12857 ||| READING 3 scrolls of teleportation.
 13213 | Lair:5   | 13213 ||| RETREEEEATING.
 13215 | Lair:5   | 13215 ||| RETREEEEATING.
 13218 | Lair:5   | 13218 ||| RETREEEEATING.
 13219 | Lair:5   | 13219 ||| RETREEEEATING.
 13223 | Lair:5   | 13223 ||| RETREEEEATING.
 13360 | Lair:5   | 13360 ||| RETREEEEATING.
 13361 | Lair:5   | 13361 ||| RETREEEEATING.
 13371 | Lair:5   | Received a gift from Okawaru
 13437 | Lair:5   | 13437 ||| RETREEEEATING.
 13438 | Lair:5   | 13438 ||| RETREEEEATING.
 13439 | Lair:5   | 13439 ||| RETREEEEATING.
 13441 | Lair:5   | 13441 ||| RETREEEEATING.
 13443 | Lair:5   | 13443 ||| RETREEEEATING.
 13444 | Lair:5   | 13444 ||| RETREEEEATING.
 13446 | Lair:5   | 13446 ||| RETREEEEATING.
 13449 | Lair:5   | 13449 ||| RETREEEEATING.
 13450 | Lair:5   | 13450 ||| RETREEEEATING.
 13451 | Lair:5   | 13451 ||| RETREEEEATING.
 13452 | Lair:5   | 13452 ||| RETREEEEATING.
 13453 | Lair:5   | 13453 ||| RETREEEEATING.
 13454 | Lair:5   | 13454 ||| RETREEEEATING.
 13455 | Lair:5   | 13455 ||| RETREEEEATING.
 13647 | Lair:5   | Reached skill level 15 in Dodging
 13717 | Lair:5   | HP: 14/67 [thrashing horror (4)]
 13718 | Lair:5   | 13718 ||| READING 2 scrolls of teleportation.
 14172 | Lair:5   | Reached ****** piety under Okawaru
 14218 | Lair:5   | 14218 ||| INVOKING Receive Weapon.
 14218 | Lair:5   | 14218 ||| ACQUIRING +2 arbalest of draining
 14218 | Lair:5   | Acquired a +2 arbalest of draining
 14218 | Lair:5   | Received a gift from Okawaru
 14219 | Lair:5   | 14219 ||| INVOKING Receive Armour.
 14219 | Lair:5   | 14219 ||| ACQUIRING +0 cloak "Haahegir" {Will+ Dex+2}
 14219 | Lair:5   | Acquired the +0 cloak "Haahegir" {Will+ Dex+2}
 14219 | Lair:5   | Received a gift from Okawaru
 14221 | Lair:5   | 14221 ||| SWAPPING to +2 arbalest of draining.
 14222 | Lair:5   | 14222 ||| DROPPING +2 orcbow.
 14239 | Lair:5   | Found a corrupted altar of Lugonu.
 14239 | Lair:5   | Found a one-way gate to the infinite horrors of the Abyss.
 14245 | Lair:5   | Received a gift from Okawaru
 14262 | Lair:5   | 14262 ||| PLANNING D:1-11
 14262 | Lair:5   | 14262 ||| UPGRADING to +0 cloak "Haahegir" {Will+ Dex+2}.
 14272 | Lair:5   | 14272 ||| DROPPING +2 cloak.
 14273 | Lair:5   | 14273 ||| READING 2 scrolls of identify.
 14273 | Lair:5   | 14273 ||| IDENTIFYING pink potion
 14274 | Lair:5   | 14274 ||| DROPPING potion of lignification.
 14674 | D:8      | 14674 ||| Stepping ~*~*~tactically~*~*~ (cloud).
 15209 | D:8      | 15209 ||| READING scroll of identify.
 15209 | D:8      | 15209 ||| IDENTIFYING silvery potion
 15210 | D:8      | 15210 ||| DRINKING 3 lumpy white potions.
 15211 | D:8      | 15211 ||| FLEEEEING.
 15212 | D:8      | 15212 ||| FLEEEEING.
 15213 | D:8      | 15213 ||| FLEEEEING.
 15214 | D:8      | 15214 ||| FLEEEEING.
 15315 | D:8      | 15315 ||| DROPPING 2 potions of berserk rage.
 15381 | D:9      | 15381 ||| RETREEEEATING.
 15449 | D:9      | 15449 ||| Stepping ~*~*~tactically~*~*~ (cloud).
 15522 | D:9      | Found a sparkling altar of Nemelex Xobeh.
 15708 | D:9      | 15708 ||| INVOKING Finesse.
 16100 | D:10     | Entered Level 10 of the Dungeon
 16100 | D:10     | Noticed Urug
 16100 | D:10     | Noticed Fannar
 16101 | D:10     | 16101 ||| STAIRDANCE
 16113 | D:9      | Killed Urug
 16170 | D:10     | HP: 12/67 [Fannar/+0 quarterstaff of freezing (25)]
 16171 | D:10     | 16171 ||| READING scroll of teleportation.
 16172 | D:10     | Killed Fannar
 16172 | D:10     | Received a gift from Okawaru
 16176 | D:10     | 16176 ||| FLEEEEING.
 16177 | D:10     | 16177 ||| FLEEEEING.
 16178 | D:10     | 16178 ||| FLEEEEING.
 16179 | D:10     | 16179 ||| FLEEEEING.
 16181 | D:10     | 16181 ||| FLEEEEING.
 16182 | D:10     | 16182 ||| FLEEEEING.
 16196 | D:10     | Reached skill level 17 in Ranged Weapons
 16197 | D:10     | 16197 ||| RETREEEEATING.
 16202 | D:10     | Reached XP level 14. HP: 21/72 MP: 22/22
 16400 | D:10     | Reached skill level 3 in Armour
 16591 | D:10     | Noticed Psyche
 16594 | D:10     | Killed Psyche
 16716 | D:10     | Found an ornate altar of the Wu Jian Council.
 16757 | D:10     | Found a flagged portal.
 17035 | D:10     | Found a blossoming altar of Fedhas.
 17035 | D:10     | Found a glowing silver altar of Zin.
 17035 | D:10     | Found an opulent altar of Gozag.
 17660 | D:11     | Noticed Erica
 17666 | D:11     | Killed Erica
 17871 | D:11     | 17871 ||| DRINKING potion of resistance.
 17881 | D:11     | Found a staircase to the Orcish Mines.
 18213 | D:11     | 18213 ||| PLANNING D
 18279 | D:12     | Noticed Erolcha
 18286 | D:12     | Killed Erolcha
 18286 | D:12     | Received a gift from Okawaru
 18350 | D:12     | 18350 ||| RETREEEEATING.
 18351 | D:12     | 18351 ||| RETREEEEATING.
 18353 | D:12     | 18353 ||| RETREEEEATING.
 18397 | D:12     | Reached skill level 18 in Ranged Weapons
 18596 | D:12     | Found Veost's Weapon Boutique.
 18870 | D:13     | HP: 8/72 [burnt (12)]
 18871 | D:13     | Incinerated by a deep elf pyromancer

Levels and vault maps discovered:
D:1:      co_arrival_square_in_a_square_in_a_square, layout_loops_corners,
          minivault_4, dreamdust_wishing_well, minmay_misc_feat_rows,
          dk_noncrumbling_2
D:2:      layout_loops_cross, serial_co_window_serial,
          co_window_of_opportunity_a, co_window_paths_a, co_window_corner_a,
          co_window_paths_a, co_window_of_opportunity_a, co_window_corner_a,
          co_window_paths_a, co_window_cross_1, co_window_of_opportunity_a,
          co_window_paths_c, co_window_corner_ca, co_window_broadway_c,
          co_window_of_opportunity_b, co_window_corner_b, co_window_cross_4,
          co_window_of_opportunity_b, basic_altar, glass_columns_a,
          kennysheep_generic_room_12
D:3:      cheibrodos_fertilizer, layout_basic,
          hellmonk_ecumenical_altar_pennies_from_heaven, uniq_grinder
D:4:      gammafunk_cloud_chamber, layout_basic, led_sif_book,
          nicolae_tso_carved_into_rock, minmay_cut_off, uniq_pikel
D:5:      kennysheep_six_static_rooms, layout_loops_ring, serial_shops, shop,
          shop, shop, kennysheep_mini, shop
D:6:      layout_loops_ring, nicolae_uskayaw_murder_on_the_dancefloor,
          minmay_temple_entry_wispy, minivault_25, nicolae_specific_store,
          serial_park_tiny_pond
D:7:      bobbens_index_wilting_gardens, layout_cave_pods,
          mainiacjoe_overflow_tiny_flanked, kennysheep_generic_room_9,
          uniq_jeremiah, uniq_joseph
D:8:      layout_loops_corners, dpeg_oklobed_lair, special_room
          [special_room_orc], serial_shops, shop, eino_tiny_chamber,
          centaur_isle
D:9:      lemuel_slime, layout_long_grid, mainiacjoe_overflow_surrounded_room,
          kennysheep_flooded_box, nicolae_underground_beach
D:10:     minmay_four_partial_circles, layout_loops_ring,
          mainiacjoe_overflow_chevrons, gammafunk_temple_overflow_claw,
          enter_bailey_3, uniq_psyche, uniq_urug, uniq_fannar
D:11:     layout_basic, erik_orc_1, kb_rosetta, uniq_erica
D:12:     layout_cave_pools, serial_shops, kennysheep_little_box, uniq_erolcha
D:13:     layout_grid_maze, nicolae_elyvilon_peaceful_grove
Temple:   hellmonk_temple_divided_pantheon
Lair:1:   layout_big_grid, grunt_megastairs_4
Lair:2:   layout_regular_city, swamp_mist_pool, uniq_amaemon
Lair:3:   pond_and_an_island_with_a_cottage, layout_long_grid,
          spider_nest_entry_webs, st_stairs_12, chequers_serial_rivers_room_a
Lair:4:   layout_regular_city, minmay_slime_entry_oklob_open,
          chequers_serial_rivers_micro_e, grunt_megastairs_1, uniq_kirke
Lair:5:   hellmonk_lair_end_abyssal_woods, layout_layer_cave,
          grunt_megastairs_3, uniq_sonja

Skill      XL: |  1  2  3  4  5  6  7  8  9 10 11 12 13 14 |
---------------+-------------------------------------------+-----
Dodging        | 3 4 5 6 9 11 12 14 16 17 | 17.0
Ranged Weapons | 5 7 9 10 12 14 15 17 18 | 18.0
Fighting       | 4 5 6 7 |  7.7
Invocations    | 4 8 10 | 10.0
Armour         | 2 3 |  3.1
Stealth        | |  1.5

Action                     |  1- 3 |  4- 6 |  7- 9 | 10-12 | 13-15 || total
---------------------------+-------+-------+-------+-------+-------++-------
   Fire: Shortbow          |   101 |    89 |   137 |       |       ||   327
         Orcbow            |       |       |   198 |  1122 |   506 ||  1826
         Arbalest          |       |       |       |       |   483 ||   483
 Invoke: Heroism           |       |       |       |     5 |       ||     5
         Finesse           |       |       |       |     8 |     3 ||    11
         Receive Weapon    |       |       |       |       |     1 ||     1
         Receive Armour    |       |       |       |       |     1 ||     1
  Evoke: Wand              |       |       |     5 |     3 |       ||     8
    Use: Scroll            |     4 |     3 |     7 |     9 |     6 ||    29
         Potion            |     3 |     2 |     2 |     1 |     2 ||    10
 Armour: Robe              |     9 |    16 |    42 |    22 |       ||    89
         Acid dragon scale |       |       |       |   128 |    97 ||   225
  Dodge: Dodged            |    30 |    65 |   225 |   768 |   595 ||  1683

Table legend:
 A = Non-vault XP
 B = Vault XP
 C = Vault XP percentage of total XP
 D = Non-vault monster count
 E = Vault monster count
 F = Vault count percentage of total count
                 A         B        C        D         E       F
            +---------+---------+-------+---------+---------+-------
      Total |   47268 |   39092 |  45.3 |     303 |     245 |  44.7
            +---------+---------+-------+---------+---------+-------
        D:1 |      31 |       0 |   0.0 |      16 |       0 |   0.0
        D:2 |      25 |       2 |   7.4 |       7 |       1 |  12.5
        D:3 |      37 |     359 |  90.7 |      14 |      16 |  53.3
        D:4 |      49 |     781 |  94.1 |       6 |       6 |  50.0
        D:5 |     531 |     491 |  48.0 |      15 |       6 |  28.6
        D:6 |    1073 |       0 |   0.0 |      19 |       0 |   0.0
        D:7 |     929 |    4020 |  81.2 |      16 |      49 |  75.4
        D:8 |     805 |    1043 |  56.4 |      15 |      30 |  66.7
        D:9 |    3857 |    1747 |  31.2 |      32 |      20 |  38.5
       D:10 |    4617 |    3923 |  45.9 |      32 |      20 |  38.5
       D:11 |     934 |    4761 |  83.6 |       6 |      22 |  78.6
       D:12 |    7357 |     874 |  10.6 |      21 |       1 |   4.5
       D:13 |    1382 |       0 |   0.0 |       3 |       0 |   0.0
     Lair:1 |    3931 |    1234 |  23.9 |      20 |       6 |  23.1
     Lair:2 |    3825 |    1175 |  23.5 |      17 |       2 |  10.5
     Lair:3 |    8338 |    1791 |  17.7 |      23 |       8 |  25.8
     Lair:4 |    5247 |    3830 |  42.2 |      15 |      14 |  48.3
     Lair:5 |    4300 |   13061 |  75.2 |      26 |      44 |  62.9
            +---------+---------+-------+---------+---------+-------
